 Dungeon Crawl Stone Soup version 0.27-a0-1384-g1422d76b99 (webtiles) character file.

Game seed: 10451526883603882439

7 sagitran the Skirmisher (level 1, -1/18 HPs)
             Began as a Demonspawn Chaos Knight on June 30, 2021.
             Was a Plaything of Xom.
             Slain by a quokka (3 damage)
             ... on level 1 of the Dungeon.
             The game lasted 00:02:09 (205 turns).

sagitran the Skirmisher (Demonspawn Chaos Knight)    Turns: 205, Time: 00:02:09

Health: -1/18      AC:  5    Str: 12    XL:     1   Next: 91%
Magic:  1/1        EV: 11    Int: 13    God:    Xom [......]
Gold:   18         SH:  0    Dex: 12    Spells: 0/0 levels left

rFire    . . .     SeeInvis .   a - +0 spear (chaos)
rCold    . . .     Faith    .   (no shield)
rNeg     . . .     Spirit   .   b - +2 leather armour
rPois    .         Reflect  .   (no helmet)
rElec    .         Harm     .   (no cloak)
rCorr    .         Rampage  .   (no gloves)
Will     .....                  (no boots)
Stlth    +.........             (no amulet)
HPRegen  0.06/turn              (no ring)
MPRegen  0.07/turn              (no ring)

@: no status effects
A: no striking features
a: Renounce Religion


You were on level 1 of the Dungeon.
You worshipped Xom.
You were a very special plaything of Xom.
You visited 1 branch of the dungeon, and saw 1 of its levels.

You collected 18 gold pieces.

Inventory:

Hand Weapons
 a - a +0 spear of chaos (weapon)
Armour
 b - a +2 leather armour (worn)


   Skills:
 + Level 3.2 Fighting
 + Level 2.8 Polearms
 + Level 1.9 Armour
 + Level 0.9 Dodging


You couldn't memorise any spells.
You didn't know any spells.
Your spell library contained the following spells:

 Spells                   Type           Power      Damage    Failure   Level
 Magic Dart               Conj           0%         1d3       36%         1
 Blink                    Tloc           N/A        N/A       52%         2
 Call Imp                 Summ           0%         N/A       52%         2
 Slow                     Hex            0%         N/A       52%         2
 Conjure Flame            Conj/Fire      0%         6-21      75%         3
 Mephitic Cloud           Conj/Pois/Air  0%         N/A       75%         3


Dungeon Overview and Level Annotations

Branches:
Dungeon (1/15)

Altars:


Message History

The dart slug is engulfed in seething chaos.
The dart slug flickers and vanishes!
Deactivating autopickup; reactivate with Ctrl-A.
The endoplasm is engulfed in seething chaos.
The endoplasm jiggles.
The endoplasm is engulfed in seething chaos.
The endoplasm goes berserk!
A slug dart appears from out of thin air!
The slug dart misses you.
A slug dart appears from out of thin air!
The slug dart hits you.
* * * LOW HITPOINT WARNING * * *
You aren't carrying any potions.
You aren't carrying any scrolls.
A slug dart appears from out of thin air!
The slug dart hits you but does no damage.
The endoplasm is no longer unusually agile.
The endoplasm is engulfed in seething chaos.
The endoplasm evaporates and reforms as a quokka!
You see here a book of Minor Magic.
You pick up a book of Minor Magic and begin reading...
You add the spells Magic Dart, Blink, Call Imp, Slow, Conjure Flame and Mephitic Cloud to your library.
A slug dart appears from out of thin air!
The slug dart hits you but does no damage.
You barely miss the quokka. The quokka misses you.
You closely miss the quokka. The quokka bites you.
* * * LOW HITPOINT WARNING * * *
You hit the quokka.
The quokka is heavily wounded.
The quokka bites you.
* * * LOW HITPOINT WARNING * * *
Something bites you.
* * * LOW HITPOINT WARNING * * *
The quokka barely misses you.
A slug dart appears from out of thin air!
The slug dart misses you. Something bites you but does no damage.
The quokka is engulfed in seething chaos.
The quokka resists with some effort.
The quokka bites you.
You die...
Xom yawns loudly!

#.. ### ###### .. ......
#....# #$#..$...
#..§.#####.#......
#.§...............
#.r.....###.......
#@...##..[.....>..
........................
..#############....>....
#####......##......
..............#J#..
..............J....
###################
##### ### ###..##
##...## ####.###...#.##


You could see a quokka.

Vanquished Creatures
  2 ball pythons (D:1)
  A kobold (D:1)
  3 bats (D:1)
  2 rats (D:1)
8 creatures vanquished.

Notes
Turn   | Place    | Note
-------+----------+-------------------------------------------
     0 | D:1      | sagitran the Demonspawn Chaos Knight began the quest for
                  | the Orb.
     0 | D:1      | Reached XP level 1. HP: 18/18 MP: 1/1
   111 | D:1      | XOM: silly message
   143 | D:1      | XOM: cloud trail
   177 | D:1      | XOM: 2-stop teleportation journey
   205 | D:1      | Slain by a quokka

Illustrated notes

Levels and vault maps discovered:
D:1:      dpeg_cavernosity, layout_rooms,
          hellmonk_ecumenical_altar_watching_god, hangedman_decor_growths

Action                   || total
-------------------------++-------
Melee: Spear             ||    18
Armor: Leather armour    ||    13
Dodge: Dodged            ||    21

Table legend: (Time is in decaauts)
 A = Elapsed time spent in this place.
 B = Non-inter-level travel time spent in this place.
 C = Inter-level travel time spent in this place.
 D = Time resting spent in this place.
 E = Time spent auto-exploring this place.
 F = Levels seen in this place.
 G = Mean time per level.
                   A        B        C        D        E       F      G
               +--------+--------+--------+--------+--------+-----+--------+
         Total |    204 |    204 |      0 |      0 |      0 |   1 |  204.0 |
       Dungeon |    204 |    204 |      0 |      0 |      0 |   1 |  204.0 |
               +--------+--------+--------+--------+--------+-----+--------+

Top non-repeatable levels by time:
     D:1: 204 daAuts
